TOP OF THE 1ST |
Las Vegas 51s batting - Pitching for Iowa Cubs : RHP Chris Allen
|
Pitching: RHP Chris Allen
|
|
Batting: LHB Adam Hairston
|
0-0: Called Strike 0-1: Foul Ball, location: 2F 0-2: Ball 1-2: Ball 2-2: Strikes out swinging
|
Batting: LHB Sal Fernandez
|
0-0: Bunt missed! 0-1: Foul Ball, location: 2F 0-2: Foul Ball, location: 2F 0-2: Strikes out swinging
|
Batting: LHB Helge Jivotovsky
|
0-0: Ball 1-0: Called Strike 1-1: Ball 2-1: DOUBLE (Groundball, 3L, EV 96.2 MPH)
|
Batting: SHB Roberto Magne
|
0-0: Ball 1-0: Foul Ball, location: 2F 1-1: Ball 2-1: Ball 3-1: Base on Balls
|
Batting: RHB Steven Romanovsky
|
0-0: Called Strike 0-1: Ball 1-1: Foul Ball, location: 2F 1-2: Strikes out swinging
|
Top of the 1st over - 0 runs, 1 hit, 0 errors, 2 left on base; Las Vegas 0 - Iowa 0 |
BOTTOM OF THE 1ST |
Iowa Cubs batting - Pitching for Las Vegas 51s : LHP Kevin Miozza
|
Pitching: LHP Kevin Miozza
|
|
Batting: RHB Pat Barton
|
0-0: Ground out 4-3 (Groundball, 4S, EV 89.4 MPH)
|
Batting: LHB Jose Mojica
|
0-0: Ball 1-0: Ball 2-0: SINGLE (Groundball, 25, EV 64.4 MPH) (infield hit)
|
Batting: SHB Seung-ho Zhang
|
0-0: Ball 1-0: Ball 2-0: Swinging Strike 2-1: Swinging Strike 2-2: SINGLE (Groundball, 5D, EV 104.4 MPH) Jose Mojica to second
|
Batting: RHB Butch Koglin
|
0-0: Ball 1-0: Foul Ball, location: 2F 1-1: Foul Ball, location: 2F 1-2: Foul Ball, location: 2F 1-2: Fly out, F7 (Line Drive, 7, EV 103.8 MPH)
|
Batting: SHB Nick Chandler
|
0-0: Called Strike 0-1: Ball 1-1: Swinging Strike 1-2: Ball 2-2: Fielders Choice at 2nd, 5-4 (Groundball, 5, EV 91.9 MPH)
|
Bottom of the 1st over - 0 runs, 2 hits, 0 errors, 2 left on base; Las Vegas 0 - Iowa 0 |
TOP OF THE 2ND |
Las Vegas 51s batting - Pitching for Iowa Cubs : RHP Chris Allen
|
Batting: SHB Josh Schultze
|
0-0: Ball 1-0: Ball 2-0: Ball 3-0: Base on Balls
|
Batting: LHB Ben Goldstein
|
0-0: Grounds into double play, 4-6-3 (Groundball, 4, EV 83.1 MPH)
|
Batting: RHB Leon Edwards
|
0-0: Ground out 5-3 (Groundball, 56S, EV 68.1 MPH)
|
Top of the 2nd over - 0 runs, 0 hits, 0 errors, 0 left on base; Las Vegas 0 - Iowa 0 |
BOTTOM OF THE 2ND |
Iowa Cubs batting - Pitching for Las Vegas 51s : LHP Kevin Miozza
|
Batting: LHB Chris Morgan
|
0-0: Called Strike 0-1: Foul Ball, location: 2F 0-2: Ball 1-2: Ball 2-2: Foul Ball, location: 2F 2-2: Fly out, F8 (Flyball, 89S, EV 97.5 MPH)
|
Batting: SHB Gerardo Flores
|
0-0: Called Strike 0-1: Called Strike 0-2: Ball 1-2: Ball 2-2: Foul Ball, location: 2F 2-2: Foul Ball, location: 2F 2-2: Ground out 3-1 (Groundball, 34, EV 88.1 MPH)
|
Batting: LHB J.D. Brenner
|
0-0: Ball 1-0: Swinging Strike 1-1: Called Strike 1-2: Ball 2-2: Fly out, F1 (Line Drive, P, EV 62.5 MPH)
|
Bottom of the 2nd over - 0 runs, 0 hits, 0 errors, 0 left on base; Las Vegas 0 - Iowa 0 |
TOP OF THE 3RD |
Las Vegas 51s batting - Pitching for Iowa Cubs : RHP Chris Allen
|
Batting: RHB Yoshiro Higuchi
|
0-0: Called Strike 0-1: Ball 1-1: Ball 2-1: Foul Ball, location: 2F 2-2: Ball 3-2: Ground out 5-3 (Groundball, 56S, EV 67.5 MPH)
|
Batting: LHB Adam Hairston
|
0-0: Foul Ball, location: 2F 0-1: Reached on error, E4 (Groundball, 4M, EV 111.2 MPH)
|
Batting: LHB Sal Fernandez
|
0-0: Called Strike 0-1: Swinging Strike 0-2: Strikes out looking Adam Hairston steals 2nd base Batter strikes out.
|
Batting: LHB Helge Jivotovsky
|
0-0: Called Strike 0-1: SINGLE (Groundball, 34D, EV 101.9 MPH) Adam Hairston to third Runner from 3rd tries for Home, SAFE, throw by RF to home
|
Batting: SHB Roberto Magne
|
0-0: Ball 1-0: Ball 2-0: Ball 3-0: Base on Balls Helge Jivotovsky to second
|
Batting: RHB Steven Romanovsky
|
0-0: Called Strike 0-1: Foul Ball, location: 2F 0-2: Strikes out swinging
|
Top of the 3rd over - 1 run, 1 hit, 1 error, 2 left on base; Las Vegas 1 - Iowa 0 |
BOTTOM OF THE 3RD |
Iowa Cubs batting - Pitching for Las Vegas 51s : LHP Kevin Miozza
|
Batting: SHB R.J. Vargas
|
0-0: Fly out, F8 (Flyball, 8LXD, EV 103.8 MPH)
|
Batting: RHB Pat Barton
|
0-0: Ground out 2-3 (Groundball, 13S, EV 70.6 MPH)
|
Batting: LHB Jose Mojica
|
0-0: SINGLE (Groundball, 4MD, EV 99.4 MPH)
|
Batting: SHB Seung-ho Zhang
|
0-0: Fly out, F9 (Flyball, 89S, EV 85.0 MPH)
|
Bottom of the 3rd over - 0 runs, 1 hit, 0 errors, 1 left on base; Las Vegas 1 - Iowa 0 |
TOP OF THE 4TH |
Las Vegas 51s batting - Pitching for Iowa Cubs : RHP Chris Allen
|
Batting: SHB Josh Schultze
|
0-0: Ball 1-0: Ball 2-0: Called Strike 2-1: Called Strike 2-2: Fly out, F7 (Flyball, 7S, EV 93.1 MPH)
|
Batting: LHB Ben Goldstein
|
0-0: Ball 1-0: Ball 2-0: Swinging Strike 2-1: Swinging Strike 2-2: Strikes out swinging
|
Batting: RHB Leon Edwards
|
0-0: Called Strike 0-1: Ball 1-1: Foul Ball, location: 2F 1-2: Ball 2-2: Ball 3-2: Strikes out swinging
|
Top of the 4th over - 0 runs, 0 hits, 0 errors, 0 left on base; Las Vegas 1 - Iowa 0 |
BOTTOM OF THE 4TH |
Iowa Cubs batting - Pitching for Las Vegas 51s : LHP Kevin Miozza
|
Batting: RHB Butch Koglin
|
0-0: Foul Ball, location: 2F 0-1: Ball 1-1: Ball 2-1: Foul Ball, location: 2F 2-2: Ball 3-2: Fly out, F9 (Line Drive, 9, EV 91.2 MPH)
|
Batting: SHB Nick Chandler
|
0-0: Foul Ball, location: 2F 0-1: Ball 1-1: DOUBLE (Flyball, 8RXD, EV 96.9 MPH)
|
Batting: LHB Chris Morgan
|
0-0: 2-RUN HOME RUN (Flyball, 9LD, EV 98.1 MPH), Distance : 362 ft
|
Batting: SHB Gerardo Flores
|
0-0: Ball 1-0: Ball 2-0: Reached on error, E2 (Groundball, 15S, EV 64.4 MPH)
|
Batting: LHB J.D. Brenner
|
0-0: Foul Ball, location: 2F 0-1: Ball 1-1: Swinging Strike 1-2: Ball 2-2: Foul Ball, location: 2F 2-2: Ball Wild Pitch! Gerardo Flores to third 3-2: Ground out 1-3 (Groundball, 13S, EV 70.6 MPH)
|
Batting: SHB R.J. Vargas
|
0-0: Foul Ball, location: 2F 0-1: Ball 1-1: Reached via error on a dropped throw from 1B, E1 (Groundball, 34, EV 100.6 MPH) Gerardo Flores scores
|
Batting: RHB Pat Barton
|
0-0: Ball 1-0: Foul Ball, location: 2F 1-1: Ball 2-1: Swinging Strike 2-2: Foul Ball, location: 2F 2-2: Strikes out swinging
|
Bottom of the 4th over - 3 runs, 2 hits, 2 errors, 1 left on base; Las Vegas 1 - Iowa 3 |
TOP OF THE 5TH |
Las Vegas 51s batting - Pitching for Iowa Cubs : RHP Chris Allen
|
Batting: RHB Yoshiro Higuchi
|
0-0: Ground out 5-3 (Groundball, 56, EV 85.6 MPH)
|
Batting: LHB Adam Hairston
|
0-0: Ball 1-0: Ball 2-0: Called Strike 2-1: Ground out 4-3 (Groundball, 4, EV 85.0 MPH)
|
Batting: LHB Sal Fernandez
|
0-0: Ball 1-0: Ball 2-0: Ground out 4-3 (Groundball, 4, EV 85.0 MPH)
|
Top of the 5th over - 0 runs, 0 hits, 0 errors, 0 left on base; Las Vegas 1 - Iowa 3 |
BOTTOM OF THE 5TH |
Iowa Cubs batting - Pitching for Las Vegas 51s : LHP Kevin Miozza
|
Batting: LHB Jose Mojica
|
0-0: Called Strike 0-1: Ball 1-1: Ball 2-1: Foul Ball, location: 2F 2-2: Fly out, F4 (Flyball, 34D, EV 91.2 MPH)
|
Batting: SHB Seung-ho Zhang
|
0-0: Ball 1-0: Ball 2-0: Called Strike 2-1: Ball 3-1: Base on Balls
|
Batting: RHB Butch Koglin
|
0-0: Ball 1-0: Swinging Strike 1-1: Foul Ball, location: 2F 1-2: Ball 2-2: Fly out, F8 (Flyball, 8RXD, EV 104.4 MPH)
|
Batting: SHB Nick Chandler
|
0-0: Called Strike Seung-ho Zhang steals 2nd base (no throw) 0-1: Ball 1-1: Ground out 6-3 (Groundball, 6, EV 76.9 MPH)
|
Bottom of the 5th over - 0 runs, 0 hits, 0 errors, 1 left on base; Las Vegas 1 - Iowa 3 |
TOP OF THE 6TH |
Las Vegas 51s batting - Pitching for Iowa Cubs : RHP Chris Allen
|
Pitching: RHP Mike Richardson
|
|
Batting: LHB Helge Jivotovsky
|
0-0: Swinging Strike 0-1: Ball 1-1: Ball 2-1: Foul Ball, location: 2F 2-2: Ball 3-2: Fly out, F9 (Flyball, 89M, EV 84.4 MPH)
|
Batting: SHB Roberto Magne
|
0-0: Called Strike 0-1: Foul Ball, location: 2F 0-2: Ball 1-2: Ball 2-2: Ball 3-2: Fly out, F8 (Flyball, 8LM, EV 84.4 MPH)
|
Batting: RHB Steven Romanovsky
|
0-0: Ball 1-0: Ball 2-0: Ball 3-0: Called Strike 3-1: Swinging Strike 3-2: Fly out, F9 (Flyball, 9S, EV 81.9 MPH)
|
Top of the 6th over - 0 runs, 0 hits, 0 errors, 0 left on base; Las Vegas 1 - Iowa 3 |
BOTTOM OF THE 6TH |
Iowa Cubs batting - Pitching for Las Vegas 51s : LHP Kevin Miozza
|
Batting: LHB Chris Morgan
|
0-0: Ground out 4-3 (Groundball, 4, EV 82.5 MPH)
|
Batting: SHB Gerardo Flores
|
0-0: DOUBLE (Line Drive, 7LM, EV 96.2 MPH)
|
Batting: LHB J.D. Brenner
|
0-0: Called Strike 0-1: Foul Ball, location: 2F 0-2: Foul Ball, location: 2F 0-2: Ball 1-2: Reached on error, E1 (Groundball, P, EV 65.6 MPH) Gerardo Flores to third
|
Batting: SHB R.J. Vargas
|
0-0: Foul Ball, location: 2F 0-1: Ball 1-1: Fly out, F8 (Flyball, 8RXD, EV 106.2 MPH) Runner from 3rd tags up, SCORES, no throw by CF
|
Batting: RHB Pat Barton
|
0-0: Ball 1-0: Called Strike J.D. Brenner steals 2nd, throwing error, E2 J.D. Brenner to third 1-1: Swinging Strike 1-2: SINGLE (Groundball, 6MD, EV 98.1 MPH) J.D. Brenner scores
|
Pitching: RHP Ian Daniels
|
|
Batting: LHB Jose Mojica
|
0-0: Ball Pat Barton steals 2nd, throwing error, E2 Pat Barton to third 1-0: Called Strike 1-1: Called Strike 1-2: Ball 2-2: Ball Wild Pitch! Pat Barton scores 3-2: Base on Balls
|
Batting: SHB Seung-ho Zhang
|
0-0: Ball 1-0: Called Strike 1-1: Ball 2-1: SINGLE (Line Drive, 34D, EV 103.8 MPH) Jose Mojica to second Runner from 2nd tries for 3rd, SAFE, throw by RF made to third
|
Batting: RHB Butch Koglin
|
0-0: Called Strike Seung-ho Zhang steals 2nd base (no throw) 0-1: Ball 1-1: Foul Ball, location: 2F 1-2: Ball 2-2: Ball 3-2: Ground out 5-3 (Groundball, 56, EV 82.5 MPH)
|
Bottom of the 6th over - 3 runs, 3 hits, 3 errors, 2 left on base; Las Vegas 1 - Iowa 6 |
TOP OF THE 7TH |
Las Vegas 51s batting - Pitching for Iowa Cubs : RHP Mike Richardson
|
Batting: SHB Josh Schultze
|
0-0: SINGLE (Groundball, 6MD, EV 98.8 MPH)
|
Batting: LHB Ben Goldstein
|
0-0: Ball 1-0: Fly out, F8 (Flyball, 8LD, EV 90.6 MPH)
|
Batting: RHB Leon Edwards
|
0-0: Ground out 5-3 (Groundball, 56S, EV 71.9 MPH) Josh Schultze to second
|
Batting: RHB Yoshiro Higuchi
|
0-0: Ball 1-0: Ball 2-0: DOUBLE (Line Drive, 89D, EV 103.8 MPH) Josh Schultze scores
|
Batting: LHB Adam Hairston
|
0-0: Called Strike 0-1: Ball 1-1: Ball 2-1: Fly out, F8 (Flyball, 78D, EV 88.1 MPH)
|
Top of the 7th over - 1 run, 2 hits, 0 errors, 1 left on base; Las Vegas 2 - Iowa 6 |
BOTTOM OF THE 7TH |
Iowa Cubs batting - Pitching for Las Vegas 51s : RHP Ian Daniels
|
Batting: SHB Nick Chandler
|
0-0: Foul Ball, location: 2F 0-1: Ball 1-1: Called Strike 1-2: Foul Ball, location: 2F 1-2: SOLO HOME RUN (Flyball, 78XD, EV 98.8 MPH), Distance : 386 ft
|
Batting: LHB Chris Morgan
|
0-0: Called Strike 0-1: Ball 1-1: Ground out 6-3 (Groundball, 4M, EV 82.5 MPH)
|
Batting: SHB Gerardo Flores
|
0-0: Ball 1-0: Ball 2-0: Swinging Strike 2-1: Ball 3-1: Foul Ball, location: 2F 3-2: Strikes out looking
|
Batting: LHB J.D. Brenner
|
0-0: Ball 1-0: Ball 2-0: Called Strike 2-1: Ground out 4-3 (Groundball, 4, EV 109.4 MPH)
|
Bottom of the 7th over - 1 run, 1 hit, 0 errors, 0 left on base; Las Vegas 2 - Iowa 7 |
TOP OF THE 8TH |
Las Vegas 51s batting - Pitching for Iowa Cubs : RHP Mike Richardson
|
Batting: LHB Sal Fernandez
|
0-0: Ball 1-0: Called Strike 1-1: Foul Ball, location: 2F 1-2: SINGLE (Line Drive, 89M, EV 97.5 MPH)
|
Batting: LHB Helge Jivotovsky
|
0-0: Reached on error, E3 (Groundball, 3, EV 95.6 MPH) Sal Fernandez to second
|
Batting: SHB Roberto Magne
|
0-0: Ball 1-0: Foul Ball, location: 2F 1-1: Called Strike 1-2: Ball 2-2: Grounds into double play, 4-6-3 (Groundball, 34, EV 105.6 MPH) Sal Fernandez to third
|
Batting: RHB Steven Romanovsky
|
0-0: Ball 1-0: Fly out, F7 (Flyball, 7, EV 95.0 MPH)
|
Top of the 8th over - 0 runs, 1 hit, 1 error, 1 left on base; Las Vegas 2 - Iowa 7 |
BOTTOM OF THE 8TH |
Iowa Cubs batting - Pitching for Las Vegas 51s : RHP Ian Daniels
|
Batting: SHB R.J. Vargas
|
0-0: Foul Ball, location: 2F 0-1: Ball 1-1: Foul Ball, location: 2F 1-2: Foul Ball, location: 2F 1-2: Ground out 4-3 (Groundball, 4, EV 86.9 MPH)
|
Batting: RHB Pat Barton
|
0-0: Foul Ball, location: 2F 0-1: Ball 1-1: Swinging Strike 1-2: Ball 2-2: Fly out, F9 (Flyball, 89M, EV 87.5 MPH)
|
Batting: LHB Jose Mojica
|
0-0: Fly out, F8 (Flyball, 8LM, EV 86.9 MPH)
|
Bottom of the 8th over - 0 runs, 0 hits, 0 errors, 0 left on base; Las Vegas 2 - Iowa 7 |
TOP OF THE 9TH |
Las Vegas 51s batting - Pitching for Iowa Cubs : RHP Mike Richardson
|
Pitching: RHP Pat Stone
|
|
Batting: SHB Josh Schultze
|
0-0: Called Strike 0-1: Ball 1-1: Foul Ball, location: 2F 1-2: Ball 2-2: Foul Ball, location: 2F 2-2: Ground out 5-3 (Groundball, 56, EV 108.1 MPH)
|
Batting: LHB Ben Goldstein
|
0-0: Called Strike 0-1: Ball 1-1: Ball 2-1: Called Strike 2-2: Foul Ball, location: 2F 2-2: Ball 3-2: Ground out 3-1 (Groundball, 34, EV 83.1 MPH)
|
Batting: RHB Leon Edwards
|
0-0: Called Strike 0-1: Foul Ball, location: 2F 0-2: Foul Ball, location: 2F 0-2: Ground out 5-3 (Groundball, 56, EV 88.8 MPH)
|
Top of the 9th over - 0 runs, 0 hits, 0 errors, 0 left on base; Las Vegas 2 - Iowa 7 |
|